 Dungeon Crawl Stone Soup version 0.29-a0-422-gafbd6decc1 (webtiles) character file.

Game seed: 4496208656002067595

186 happo123 the Ruffian (level 5, -3/52 HPs)
             Began as a Troll Fighter on May 18, 2022.
             Killed from afar by Ijyb (10 damage)
             ... with a puff of flame
             ... on level 3 of the Dungeon.
             The game lasted 00:05:38 (1692 turns).

happo123 the Ruffian (Troll Fighter)                Turns: 1692, Time: 00:05:39

Health: -3/52      AC:  4    Str: 26    XL:     5   Next: 38%
Magic:  4/4        EV:  9    Int:  4    God:
Gold:   152        SH:  7    Dex:  9    Spells: 4/4 levels left

rFire   . . .      SeeInvis .     - Unarmed
rCold   . . .      Faith    .   b - +0 kite shield
rNeg    . . .      Spirit   .   a - +0 robe
rPois   .          Reflect  .   (helmet restricted)
rElec   .          Harm     .   (no cloak)
rCorr   .          Rampage  .   (gloves unavailable)
Will    .....                   (boots unavailable)
Stlth   +.........              (no amulet)
HPRegen 0.97/turn               (no ring)
MPRegen 0.09/turn               (no ring)

@: no status effects
A: large, unfitting armour, claws 3, regeneration 1, shaggy fur 1, tough skin 1
a: no special abilities


You were on level 3 of the Dungeon.
You visited 1 branch of the dungeon, and saw 3 of its levels.

You collected 152 gold pieces.

Inventory:

Armour
 a - a +0 robe (worn)
 b - a +0 kite shield (worn)
Scrolls
 f - 2 scrolls of enchant armour {unknown}
 g - a scroll of immolation {unknown}
 j - a scroll of noise {unknown}
 l - a scroll of fog {unknown}
 m - a scroll of magic mapping {unknown}
 o - 2 scrolls of teleportation {unknown}
 q - a scroll of amnesia {unknown}
 r - 5 scrolls of identify {unknown}
 s - a scroll of fear {unknown}
 t - a scroll of brand weapon {unknown}
Potions
 c - 2 potions of might
 d - a potion of flight {unknown}
 e - a potion of invisibility {unknown}
 h - 2 potions of curing {unknown}
 i - 2 potions of resistance {unknown}
 k - a potion of haste {unknown}
 n - a potion of heal wounds
 p - 3 potions of attraction {unknown}


   Skills:
 + Level 2.9 Fighting
 + Level 3.2 Dodging
 + Level 0.2 Stealth
 + Level 3.4 Shields
 + Level 3.9 Unarmed Combat


You had 4 spell levels left.
You didn't know any spells.
Your spell library contained the following spells:

 Spells                   Type           Power      Damage    Failure   Level
 Ozocubu's Armour         Ice            0%         N/A       99%         3
 Metabolic Englaciation   Hex/Ice        0%         N/A       100%        5
 Simulacrum               Ice/Necr       0%         N/A       100%        6


Dungeon Overview and Level Annotations

Branches:
Dungeon (3/15)

Altars:

Shops:
D:3 =

Annotations:
D:3 Ijyb


Innate Abilities, Weirdness & Mutations

You are too large for most types of armour.
You have claws for hands.
Your natural rate of healing is unusually fast.
You are covered in fur. (AC +1)
You have tough skin. (AC +1)


Message History

The adder is almost dead.
You feel sick. The adder completely misses you. The adder bites you.
You are more poisoned.
The adder poisons you! Ijyb hits you but does no damage.
You block the adder's attack.
You scratch the adder but do no damage.
The adder is severely wounded.
You feel sick. You block the adder's attack. You block Ijyb's attack.
The adder bites you. x2
You claw the adder!
You kill the adder!
You feel sick. Ijyb hits you with a +0 club.
The adder bites you but does no damage.
You feel sick. You block Ijyb's attack. The adder closely misses you.
You completely miss the adder.
You feel sick. The adder bites you.
Ijyb zaps a wand.
The puff of flame hits you! You block the adder's attack.
Ijyb hits you but does no damage.
You barely miss the adder.
You feel sick. The adder bites you but does no damage.
Ijyb hits you with a +0 club.
You barely miss the adder.
You feel sick.
You are no longer poisoned.
The adder bites you.
You are poisoned.
The adder poisons you!
Ijyb zaps a wand.
The puff of flame hits you!
* * * LOW HITPOINT WARNING * * *
You claw the adder!
You kill the adder!
You feel sick. You block Ijyb's attack.
A goblin opens the large door.
You feel sick. Ijyb screams, "Me stronger than you!" Ijyb misses you.
You scratch Ijyb.
Ijyb is lightly wounded.
You feel sick. Ijyb hits you but does no damage.
You closely miss Ijyb.
Ijyb is lightly wounded.
You feel sick.
You are no longer poisoned.
Ijyb zaps a wand.
The puff of flame hits you!
You die...

#................#......).....
#..<.............#............
#................#............
#....#+#.........###....#####.
..................# #........#.
.........###......# ####.....#.
#..........##......######......)
.........#....g.......#.......
.........#...@........###.....
.........#............ #.....
........##............ #.....
........'g............ #.....
........##............###.....
....... #............#.......
#............#.......
#............#....... #.....#.


You could see Ijyb and a goblin.

Vanquished Creatures
  Jessica (D:3)
  Natasha (thrice) (D:3)
  4 adders
  A dart slug (D:1)
  4 ball pythons
  5 bats
  7 endoplasms
  4 giant cockroaches
  4 goblins
  5 hobgoblins
  A quokka (D:2)
  A frilled lizard (D:1)
  8 kobolds
  4 rats
52 creatures vanquished.

Notes
Turn   | Place    | Note
-------+----------+-------------------------------------------
     0 | D:1      | happo123 the Troll Fighter began the quest for the Orb.
     0 | D:1      | Reached XP level 1. HP: 22/22 MP: 0/0
   124 | D:1      | Reached XP level 2. HP: 27/29 MP: 1/1
   781 | D:2      | Reached XP level 3. HP: 28/36 MP: 2/2
  1230 | D:3      | Found Hoacze's Jewellery Emporium.
  1241 | D:3      | Noticed Natasha
  1246 | D:3      | Killed Natasha
  1247 | D:3      | Reached XP level 4. HP: 44/44 MP: 3/3
  1275 | D:3      | Noticed Natasha
  1283 | D:3      | Killed Natasha
  1290 | D:3      | Noticed Natasha
  1303 | D:3      | Killed Natasha
  1310 | D:3      | Noticed Jessica
  1316 | D:3      | Killed Jessica
  1317 | D:3      | Reached XP level 5. HP: 52/52 MP: 4/4
  1672 | D:3      | Noticed Ijyb
  1692 | D:3      | Killed from afar by Ijyb

Illustrated notes

Levels and vault maps discovered:
D:1:      evilmike_arrival_hilbert_curve, layout_loops_ring
D:2:      layout_rooms
D:3:      layout_basic, serial_shops, shop, uniq_jessica, uniq_terence,
          uniq_natasha, uniq_crazy_yiuf_cottage, uniq_ijyb

Skill      XL: |  1  2  3  4 |
---------------+-------------+-----
Shields        | 3 |  3.4
Dodging        | 3 |  3.2
Unarmed Combat | 3 |  3.9
Fighting       | |  2.9
Stealth        | |  0.2

Action                   |  1- 3 |  4- 6 || total
-------------------------+-------+-------++-------
Melee: Unarmed           |   104 |    48 ||   152
 Stab: Sleeping          |     1 |       ||     1
Armor: Robe              |    40 |    11 ||    51
Dodge: Dodged            |    26 |    20 ||    46
Block: Kite shield       |    31 |    16 ||    47

Table legend: (Time is in decaauts)
 A = Elapsed time spent in this place.
 B = Non-inter-level travel time spent in this place.
 C = Inter-level travel time spent in this place.
 D = Time resting spent in this place.
 E = Time spent auto-exploring this place.
 F = Levels seen in this place.
 G = Mean time per level.
                   A        B        C        D        E       F      G
               +--------+--------+--------+--------+--------+-----+--------+
         Total |   1704 |   1518 |    186 |      0 |   1131 |   3 |  568.0 |
       Dungeon |   1704 |   1518 |    186 |      0 |   1131 |   3 |  568.0 |
               +--------+--------+--------+--------+--------+-----+--------+

Top non-repeatable levels by time:
     D:1: 721 daAuts
     D:3: 534 daAuts
     D:2: 448 daAuts
